 Dungeon Crawl Stone Soup version 0.18-a0-1745-gffa9a88 (webtiles) character file.

1469 Eucla the Geomancer (level 8, -1/52 HPs)
             Began as a Gargoyle Earth Elementalist on Apr 11, 2016.
             Slain by a hill giant
             ... wielding a +0 giant spiked club
              (23 damage)
             ... on level 7 of the Dungeon.
             The game lasted 00:11:28 (4627 turns).

Eucla the Geomancer (Gargoyle Earth Elementalist)   Turns: 4627, Time: 00:11:29

Health: -1/52      AC:  9    Str: 12    XL:     8   Next: 77%
Magic:  3/16       EV: 12    Int: 18    God:
Gold:   243        SH:  0    Dex: 10    Spells: 4 memorised, 7 levels left

rFire  + . .     SeeInvis .     j - +1 spear (venom)
rCold  . . .     Gourm    .     u - +2 robe {rF+}
rNeg   + . .     Faith    .     (no shield)
rPois  ∞         Spirit   .     (no helmet)
rElec  +         Dismiss  .     (no cloak)
rCorr  +         Reflect  .     (no gloves)
SustAt .         Harm     .     (no boots)
MR     .....                    (no amulet)
Stlth  ++........               (no ring)
                                v - ring of resist corrosion

@: slowed, very slow, not resistant to hostile enchantments, unstealthy
A: negative energy resistance 1, electricity resistance, unbreathing,
petrification resistance, rot immunity, AC +5
a: no special abilities


You were on level 7 of the Dungeon.
You were not hungry.

You visited 2 branches of the dungeon, and saw 8 of its levels.

You collected 243 gold pieces.

Inventory:

Hand Weapons
 f - a +0 mace
 g - a +0 blowgun
 j - a +1 spear of venom (weapon)
 k - a +2 trident of protection
Missiles
 b - 138 stones (quivered)
 h - 11 poisoned needles
Armour
 a - a +0 robe
 u - a +2 robe of fire resistance (worn)
Magical Staves
 l - an uncursed staff of energy
Jewellery
 v - a ring of resist corrosion (left hand)
Wands
 w - a wand of confusion (12/48)
 x - a wand of iceblast (6/15)
Scrolls
 p - a scroll of fog
 r - 3 scrolls of teleportation
 E - 2 scrolls of identify
 I - a scroll of random uselessness {unknown}
 K - a scroll of remove curse {unknown}
 L - a scroll of vulnerability {unknown}
Potions
 e - 2 potions of heal wounds
 i - 3 potions of cure mutation
 m - a potion of haste {unknown}
 n - a potion of invisibility {unknown}
 o - a potion of ambrosia {unknown}
 q - a potion of flight {unknown}
 s - 2 potions of lignification {unknown}
 t - a potion of resistance {unknown}
 z - a potion of beneficial mutation {unknown}
 A - a potion of curing
 D - a potion of cancellation {unknown}
 G - a potion of brilliance {unknown}
 H - a potion of degeneration {unknown}
Books
 c - a book of Geomancy

   Spells                             Type                      Level
   a - Sandblast                      Earth                        1
   b - Passwall                       Transmutation/Earth          2
   c - Stone Arrow                    Conjuration/Earth            3
   d - Petrify                        Transmutation/Earth          4
   e - Lee's Rapid Deconstruction     Earth                        5
 y - a book of Cantrips

   Spells                             Type                      Level
   a - Corona                         Hexes                        1
   b - Animate Skeleton               Necromancy                   1
   c - Summon Small Mammal            Summoning                    1
   d - Apportation                    Translocation                1
Comestibles
 d - 2 meat rations
 B - 2 bread rations
 C - a beef jerky
 J - a slice of pizza


   Skills:
 + Level 6.4 Fighting
 - Level 1.0 Polearms
 - Level 1.5 Dodging
 - Level 2.1 Stealth
 - Level 0.4 Unarmed Combat
 + Level 5.6 Spellcasting
 - Level 0.8 Transmutations
 + Level 8.2 Earth Magic


You had 7 spell levels left.
You knew the following spells:

 Your Spells              Type           Power        Failure   Level  Hunger
a - Sandblast             Erth           ####..       1%          1    None
b - Passwall              Trmt/Erth      ###.......   3%          2    None
c - Stone Arrow           Conj/Erth      ###...       10%         3    ##.....
d - Lee's Rapid Deconstr  Erth           ####......   14%         5    #####..


Dungeon Overview and Level Annotations

Branches:
Dungeon (7/15)             Temple (1/1) D:4

Altars:
Ashenzari
Cheibriados
Dithmenos
Gozag
Kikubaaqudgha
Makhleb
Okawaru
Qazlal
Ru
Vehumet
Yredelemnul
Zin
Lugonu


Innate Abilities, Weirdness & Mutations

You are resistant to torment.
Your stone body is resilient (AC +5).
You are immune to poison.
You resist negative energy.
You are resistant to electric shocks.
You can survive without breathing.
You are immune to petrification.
You are immune to rotting.


Message History

You feel much better. The hill giant barely misses you.
Unknown command.
The orc wizard misses you. The orc wizard closely misses you.
The hill giant hits you with a giant spiked club!!
Ouch! That really hurt!
The orc wizard mumbles some strange words.
The orc wizard blinks!
Unknown command.
The orc wizard hits you but does no damage.
Unknown command.
The orc wizard hits you but does no damage.
The orc wizard gestures wildly while chanting.
The orc wizard blinks!
Unknown command.
The orc wizard casts a spell.
The orc wizard blinks!
The hill giant hits you but does no damage.
Unknown command.
The hill giant hits you with a giant spiked club!!
You die...

..§....#)##
#######.
.......##.##
###... .C....#
##.## ###.....
a..... #..#
###...##..
.....# ##.##
###..#####..
..... ##.##
####..### #..
....#
#..#####...###
#..
##..##...###
#.. ##.C@.###
##.. #.a###
#..# #.## ####
###


You could see a hill giant and a worker ant.

Vanquished Creatures
  Prince Ribbit (D:7)
  An orc warrior (D:6)
  A black bear (D:6)
  3 ogres (D:5)
  A centaur (D:7)
  Blork the orc (D:6)
  A killer bee (D:6)
  3 crimson imps
  A giant frog zombie (D:5)
  2 hounds
  2 orc priests
  A jelly (D:4)
  An iguana (D:7)
  3 orc wizards
  3 worker ants
  A hound skeleton (D:4)
  A worker ant zombie (D:5)
  7 adders
  A shadow imp (D:5)
  2 oozes (D:3)
  2 adder skeletons (D:5)
  4 worms
  5 giant geckos
  23 orcs
  6 giant cockroaches
  2 goblins (D:3)
  5 hobgoblins
  3 quokkas
  2 bats (D:3)
  3 kobolds (D:3)
  A quokka zombie (D:6)
  3 rats (D:3)
96 creatures vanquished.

Notes
Turn   | Place    | Note
--------------------------------------------------------------
     0 | D:1      | Eucla the Gargoyle Earth Elementalist began the quest for the Orb.
     0 | D:1      | Reached XP level 1. HP: 10/10 MP: 3/3
    22 | D:2      | Reached skill level 4 in Earth Magic
    22 | D:2      | Reached XP level 2. HP: 16/16 MP: 0/5
   267 | D:3      | Learned a level 2 spell: Passwall
   643 | D:3      | Reached XP level 3. HP: 15/20 MP: 1/6
  1058 | D:3      | Learned a level 3 spell: Stone Arrow
  1080 | D:3      | Reached skill level 1 in Fighting
  1080 | D:3      | Reached skill level 5 in Earth Magic
  1080 | D:3      | Reached XP level 4. HP: 25/25 MP: 3/8
  1522 | D:4      | Found a staircase to the Ecumenical Temple.
  1534 | Temple   | Entered the Ecumenical Temple
  1597 | D:4      | Reached XP level 5. HP: 25/30 MP: 9/9
  1776 | D:4      | Reached skill level 1 in Polearms
  1868 | D:4      | Reached XP level 6. HP: 28/36 MP: 10/10
  1876 | D:4      | Found a sacrificial altar of Ru.
  2101 | D:5      | Entered Level 5 of the Dungeon
  2157 | D:5      | Found a shadowy altar of Dithmenos.
  2356 | D:5      | Reached skill level 6 in Earth Magic
  2781 | D:5      | Reached XP level 7. HP: 36/42 MP: 12/12
  2951 | D:5      | Learned a level 5 spell: Lee's Rapid Deconstruction
  3485 | D:6      | Noticed Blork the orc
  3496 | D:6      | Killed Blork the orc
  3496 | D:6      | Reached skill level 7 in Earth Magic
  3711 | D:6      | Reached skill level 5 in Fighting
  3711 | D:6      | Reached XP level 8. HP: 13/49 MP: 10/14
  4418 | D:7      | Reached skill level 5 in Spellcasting
  4515 | D:7      | Found a burning altar of Makhleb.
  4516 | D:7      | Found a radiant altar of Vehumet.
  4610 | D:7      | Noticed Prince Ribbit
  4610 | D:7      | Noticed a hill giant
  4617 | D:7      | Killed Prince Ribbit
  4617 | D:7      | Reached skill level 8 in Earth Magic
  4627 | D:7      | Slain by a hill giant

Vault maps used:
D:1:      dpeg_arrival_fog, item_on_display_a
D:2:      nemelex_altar_shiori, nicolae_overflow_crystal_walls,
          minmay_misc_feat_more_columns, grunt_decor_arrowhead
D:4:      lemuel_doored_altar, minmay_temple_entry_purple_smoke, first_bread
D:5:      lemuel_crystal_altar, serial_bayou_pond_e
D:6:      portal_sewer_entry_e, uniq_blork_the_orc
D:7:      grunt_temple_overflow_lords_of_destruction, uniq_prince_ribbit1
Temple:   corrupted_temple

Skill      XL: |  1  2  3  4  5  6  7  8 |
---------------+-------------------------+-----
Earth Magic    | 4 5 6 7 8 |  8.2
Fighting       | 1 2 3 5 6 |  6.4
Spellcasting   | 3 4 5 |  5.6
Polearms       | 1 |  1.0
Dodging        | |  1.5
Stealth        | |  2.1
Unarmed Combat | |  0.4
Transmutations | |  0.8

Action                   |  1- 3 |  4- 6 |  7- 9 || total
-------------------------+-------+-------+-------++-------
Melee: Unarmed           |    35 |       |       ||    35
       Mace              |    20 |       |       ||    20
       Spear             |    21 |    27 |    17 ||    65
       Trident           |       |   104 |   124 ||   228
 Cast: Sandblast         |    15 |     9 |       ||    24
       Stone Arrow       |       |     3 |     8 ||    11
       Lee's Rapid Decon |       |       |     5 ||     5
  Use: Potion            |     2 |       |     1 ||     3
       Scroll            |       |       |     5 ||     5
 Stab: Sleeping          |     1 |     3 |     6 ||    10
       Distracted        |       |     1 |     1 ||     2
  Eat: Bread ration      |     1 |     1 |     1 ||     3
       Fruit             |       |       |     6 ||     6
